 Dungeon Crawl Stone Soup version 0.29.0-4-gdea44cf6ec (webtiles) character file.

Game seed: 9939247453330176899

9 Destructed3 the Trooper (level 2, -2/24 HPs)
             Began as a Mummy Fighter on Aug 27, 2022.
             Slain by a kobold
             ... wielding a +0 whip
              (4 damage)
             ... on level 1 of the Dungeon.
             The game lasted 00:01:11 (339 turns).

Destructed3 the Trooper (Mummy Fighter)              Turns: 339, Time: 00:01:12

Health: -2/24      AC:  6    Str: 19    XL:     2   Next: 6%
Magic:  2/2        EV:  9    Int:  7    God:
Gold:   41         SH:  4    Dex: 11    Spells: 1/1 levels left

rFire   x . .      SeeInvis .   a - +0 rapier
rCold   + . .      Faith    .   c - +0 buckler
rNeg    + + +      Spirit   .   b - +0 scale mail
rPois   ∞          Reflect  .   (no helmet)
rElec   .          Harm     .   (no cloak)
rCorr   .          Rampage  .   (no gloves)
Will    .....                   (no boots)
Stlth   ..........              (no amulet)
HPRegen 0.08/turn               (no ring)
MPRegen 0.08/turn               (no ring)

@: no status effects
A: cold resistance 1, negative energy resistance 3, torment resistance 2, heat
vulnerability 1, no potions
a: no special abilities


You were on level 1 of the Dungeon.
You visited 1 branch of the dungeon, and saw 1 of its levels.

You collected 41 gold pieces.

Inventory:

Hand Weapons
 a - a +0 rapier (weapon)
 d - a +0 sling
Missiles
 e - 5 stones (quivered)
Armour
 b - a +0 scale mail (worn)
 c - a +0 buckler (worn)


   Skills:
 + Level 3.2 Fighting
 + Level 1.6 Short Blades
 + Level 2.6 Armour
 + Level 2.5 Shields


You had one spell level left.
You didn't know any spells.
Your spell library contained the following spells:

 Spells                   Type           Power      Damage    Failure   Level
 Ignite Poison            Fire/Tmut/Pois 0%         N/A       99%         3
 Mephitic Cloud           Conj/Pois/Air  0%         N/A       99%         3
 Freezing Cloud           Conj/Ice/Air   0%         6-21      100%        5


Dungeon Overview and Level Annotations

Branches:
Dungeon (1/15)

Altars:


Innate Abilities, Weirdness & Mutations

You are immune to poison.
Your flesh is cold resistant. (rC+)
You are immune to negative energy. (rN+++)
You are immune to unholy pain and torment.
You are vulnerable to heat. (rF-)
You do not drink.


Message History

The goblin shouts!
A quokka comes into view.
The kobold hits you with a +0 whip.
You hit the kobold.
The kobold is moderately wounded.
You block the kobold's attack.
You closely miss the kobold.
The kobold is moderately wounded.
The kobold hits you with a +0 whip. The goblin hits you but does no damage.
The quokka bites you but does no damage.
The goblin misses you. You block the kobold's attack.
You closely miss the quokka. The quokka barely misses you.
The kobold hits you but does no damage. The goblin closely misses you.
You barely miss the quokka. The quokka barely misses you.
The kobold closely misses you. The goblin hits you but does no damage.
The quokka barely misses you.
You closely miss the quokka. You block the kobold's attack.
The goblin closely misses you.
The quokka bites you but does no damage.
You hit the quokka.
The quokka is heavily wounded.
The quokka bites you. You block the goblin's attack.
The kobold hits you but does no damage.
You closely miss the quokka.
The quokka is heavily wounded.
The quokka bites you but does no damage.
The kobold closely misses you. The goblin completely misses you.
The quokka bites you.
You hit the quokka.
You kill the quokka!
The kobold closely misses you. The goblin hits you but does no damage.
The kobold hits you with a +0 whip. The goblin barely misses you.
You completely miss the kobold. The kobold closely misses you.
The goblin hits you with a +0 dagger.
* * * LOW HITPOINT WARNING * * *
You miss the kobold. The kobold hits you with a +0 whip.
* * * LOW HITPOINT WARNING * * *
The goblin hits you but does no damage.
You hit the kobold but do no damage. The kobold hits you with a +0 whip.
You die...

.... ##...
....#+######## ##.#.#
#...........# #....#
...........# #....#
#.........# #....#
#..##[K?......# #....#
#.....g@......#####....#
#.#..#+#.........##....#
# #.........##....#
#.#.........##.....
#................#.
###................
.....#....>.........
.###.#.......#######
..#.......#


You could see a goblin and a kobold.

Vanquished Creatures
  An endoplasm (D:1)
  A goblin (D:1)
  A hobgoblin (D:1)
  2 kobolds (D:1)
  A quokka (D:1)
  2 ball pythons (D:1)
8 creatures vanquished.

Notes
Turn   | Place    | Note
-------+----------+-------------------------------------------
     0 | D:1      | Destructed3 the Mummy Fighter began the quest for the Orb.
     0 | D:1      | Reached XP level 1. HP: 18/18 MP: 1/1
   310 | D:1      | Reached XP level 2. HP: 24/24 MP: 2/2
   339 | D:1      | Slain by a kobold

Illustrated notes

Levels and vault maps discovered:
D:1:      minmay_arrival_cross, layout_basic, minmay_tromino_v2

Action                   || total
-------------------------++-------
Melee: Rapier            ||    22
Armor: Scale mail        ||    11
Dodge: Dodged            ||    17
Block: Buckler           ||     5
